 Dungeon Crawl Stone Soup version 0.30-a0-989-g0d87f670db (webtiles) character file.

Game seed: 13698774380187211556

4326 cheesebisquit the Zephyrmancer (level 10, -5/84 HPs)
             Began as a Black Draconian Air Elementalist on Apr 3, 2023.
             Was a Believer of Vehumet.
             Killed by divine providence
             ... invoked by an orc priest
              (13 damage)
             ... on level 8 of the Dungeon.
             The game lasted 00:31:06 (11728 turns).

cheesebisquit the Zephyrmancer (DrAE)              Turns: 11728, Time: 00:31:06

Health: -5/84      AC: 12    Str: 10    XL:     10   Next: 11%
Magic:  17/20      EV: 12    Int: 25    God:    Vehumet [**....]
Gold:   383        SH:  0    Dex:  9    Spells: 11/23 levels left

rFire   . . .      SeeInvis .    p - +5 dagger "Lytoxt" {venom, rElec}
rCold   + + .      Faith    .    A - orb {*channel}
rNeg    + . .      Spirit   .    (body armour unavailable)
rPois   .          Reflect  .    K - +2 hat of Lachrymose Life {rC++ Regen+ Int+5 Dex-3}
rElec   +          Rampage  .    l - +2 cloak
rCorr   .                        (no gloves)
Will    .....                    (no boots)
Stlth   ++                       (no amulet)
HPRegen 1.14/turn                q - ring of positive energy
MPRegen 0.17/turn                (no ring)

@: sluggish, hasted, quick
A: breathe lightning, AC +7, unfitting armour, electricity resistance,
cold-blooded
a: Breathe Lightning, Renounce Religion


You were on level 8 of the Dungeon.
You worshipped Vehumet.
Vehumet was pleased with you.
You visited 2 branches of the dungeon, and saw 9 of its levels.
You also visited: Ossuary.

You collected 383 gold pieces.

Inventory:

Hand Weapons
 c - a +0 mace
 p - the +5 dagger "Lytoxt" (weapon) {venom, rElec}
   (You found it on level 3 of the Dungeon)

   rElec:     It insulates you from electricity.
 B - a +0 morningstar of distortion
Missiles
 s - 8 poisoned darts
 u - 3 atropa-tipped darts
 H - a throwing net
 I - 2 datura-tipped darts
 L - 2 boomerangs
Armour
 k - a +2 hat
 l - a +2 cloak (worn)
 A - an orb of energy (worn)
 K - the +2 hat of Lachrymose Life (worn) {rC++ Regen+ Int+5 Dex-3}
   (You found it on level 8 of the Dungeon)

   Int:       It affects your intelligence (+5).
   Dex:       It affects your dexterity (-3).
   rC:        It greatly protects you from cold.
   Regen:     It increases your rate of health regeneration.
Jewellery
 q - a ring of positive energy (left hand)
Wands
 a - a wand of paralysis (9)
 J - a wand of flame (22)
Scrolls
 b - 2 scrolls of blinking
 d - a scroll of acquirement {unknown}
 h - a scroll of enchant armour
 m - a scroll of enchant weapon {unknown}
 o - 4 scrolls of vulnerability
 v - 2 scrolls of magic mapping
 w - a scroll of torment
 x - a scroll of poison {unknown}
 y - a scroll of noise {unknown}
 z - 2 scrolls of immolation {unknown}
 E - a scroll of teleportation {unknown}
 F - a scroll of brand weapon {unknown}
Potions
 e - 3 potions of might
 f - 2 potions of brilliance
 g - a potion of haste
 i - a potion of ambrosia {unknown}
 j - 2 potions of cancellation
 n - 4 potions of lignification
 r - a potion of attraction {unknown}
 t - 4 potions of mutation
 C - 2 potions of invisibility {unknown}
 D - 2 potions of resistance
 G - a potion of magic


   Skills:
 + Level 6.7 Fighting
 - Level 1.7 Dodging
 - Level 1.7 Stealth
 + Level 7.3 Spellcasting
 - Level 1.0 Conjurations
 * Level 13.4 Air Magic


You had 11 spell levels left.
You knew the following spells:

 Your Spells              Type           Power      Damage    Failure   Level
a - Shock                 Conj/Air       100%       1d9       3%          1
b - Swiftness             Air            66%        N/A       1%          3
c - Static Discharge      Conj/Air       90%        2-6/arc   3%          2
d - Cigotuvi's Dreadful   Necr/Pois/Air  62%        N/A       7%          2
e - Airstrike             Air            33%        2d(5-21)  2%          4

Your spell library contained the following spells:

 Spells                   Type           Power      Damage    Failure   Level
 Scorch                   Fire           18%        2d5       24%         2
 Apportation              Tloc           18%        N/A       19%         1
 Necrotise                Necr           36%        1d5       19%         1
 Portal Projectile        Hex/Tloc       18%        N/A       41%         3
 Tukima's Dance           Hex            9%         N/A       41%         3
 Vampiric Draining        Necr           9%         2d6       41%         3
 Dispel Undead            Necr           9%         3d8       75%         4
 Agony                    Necr           9%         N/A       96%         5
 Alistair's Intoxication  Tmut/Pois      6%         N/A       96%         5
 Blade Hands              Tmut           4%         N/A       96%         5
 Borgnjor's Vile Clutch   Necr/Erth      4%         N/A       96%         5
 Death Channel            Necr           4%         N/A       100%        6
 Eringya's Noxious Bog    Tmut/Pois      4%         N/A       100%        6


Dungeon Overview and Level Annotations

Branches:
Dungeon (8/15)             Temple (1/1) D:6         Ossuary (visited)
   Lair: D:8-11

Altars:
Ashenzari
Cheibriados
Dithmenos
Gozag
Hepliaklqana
Makhleb
Nemelex Xobeh
Okawaru
Qazlal
Ru
Sif Muna
Trog
Uskayaw
Vehumet
Wu Jian
Xom
Yredelemnul
Zin
The Shining One

Shops:
D:1 [   D:3 *

Annotations:
D:7 3 runed translucent doors, LobsterGuardian's ghost, novice GnAr
D:8 Erica


Innate Abilities, Weirdness & Mutations

You can breathe wild blasts of lightning.
Your glossy black scales are hard. (AC +7)
You cannot fit into any form of body armour.
You are resistant to electric shocks. (rElec)
You are cold-blooded and may be slowed by cold attacks.


Message History

The zap hits the orc priest.
The orc priest is almost dead.
You feel sluggish. Something hits you! Something burns you.
You are too injured to fight recklessly!
You are too injured to fight recklessly!
You are too injured to fight recklessly!
Something hits you! Something burns you.
* * * LOW HITPOINT WARNING * * *
Something hits you.
* * * LOW HITPOINT WARNING * * *
Something burns you.
* * * LOW HITPOINT WARNING * * *
The orc priest mumbles some strange prayers to Beogh against you.
Beogh smites you!
* * * LOW HITPOINT WARNING * * *
You are too injured to fight recklessly!
You feel yourself speed up.
You hear some strange, mumbled words.
You are confused.
You hear some strange, mumbled words.
Something tries to affect you, but you resist.
The orc priest calls down the wrath of Beogh upon you.
Something writhes in agony!
You're too confused to move!
You start to feel a little faster.
You feel less confused.
The orc priest invokes the aid of Beogh against you.
Pain shoots through your body!
* * * LOW HITPOINT WARNING * * *
The orc priest mumbles some strange prayers to Beogh against you.
Things that are here:
a +0 battleaxe; a +0 robe Something hits you!
* * * LOW HITPOINT WARNING * * *
Something burns you.
* * * LOW HITPOINT WARNING * * *
The orc priest calls down the wrath of Beogh upon you.
Beogh smites you!
You die...

#.........).....#
##.........)....## ###
#...............## ###.#
#................## ###...##
#......)..........# #......##
#................## #.......##
##...............# #........#
#...........)..######.........
#...........)@....##..........
##..........{.###.............
#............# ####..........
#.........#.## ##.........
##....#####o# #.........
###### #..# ##........ #.##
##......# ##.# #.....## #.##
##..###


You could see an orc priest.

Vanquished Creatures
  Pikel (D:8)
  Maggie (D:6)
  A komodo dragon (D:8)
  Grinder (D:4)
  A yak (D:7)
  A water moccasin (D:5)
  An ice beast (D:5)
  An orc warrior (D:7)
  3 ogres
  4 centaurs
  2 lemures (D:8)
  3 phantoms
  2 kobold brigands (D:7)
  A bullfrog (D:7)
  4 scorpions
  7 wights
  3 howler monkeys
  4 centaur zombies (Ossuary)
  5 hounds
  2 orc priests
  2 sleepcaps
  4 iguanas
  An orc wizard (D:8)
  6 mummies (Ossuary)
  12 gnolls
  9 adders
  A shadow imp (D:4)
  2 white imps
  A worm (D:2)
  8 dart slugs (D:3)
  19 orcs
  3 bats
  6 endoplasms
  4 giant cockroaches
  3 goblins
  4 hobgoblins
  7 jackals
  17 kobolds
  7 quokkas
  7 ball pythons
  7 frilled lizards
  6 hobgoblin zombies (Ossuary)
  5 rats
  6 bushes (D:1)
195 creatures vanquished.

Vanquished Creatures (others)
  95 plants
95 creatures vanquished.

Grand Total: 290 creatures vanquished

Notes
Turn   | Place    | Note
-------+----------+-------------------------------------------
     0 | D:1      | cheesebisquit the Draconian Air Elementalist began the
                  | quest for the Orb.
     0 | D:1      | Reached XP level 1. HP: 14/14 MP: 3/3
   245 | D:1      | Reached XP level 2. HP: 20/20 MP: 1/5
   629 | D:1      | Found Fietem's Antique Armour Boutique.
   739 | D:1      | Reached XP level 3. HP: 26/26 MP: 2/6
  1832 | D:2      | Reached skill level 4 in Air Magic
  2014 | D:2      | Found a glowing golden altar of the Shining One.
  3022 | D:3      | Reached XP level 4. HP: 33/33 MP: 3/8
  3082 | D:3      | Identified the +5 dagger "Lytoxt" {venom, rElec}
  3200 | D:3      | Found a sparkling altar of Nemelex Xobeh.
  3652 | D:3      | Found Ecseps's Assorted Antiques.
  4004 | D:3      | Reached skill level 5 in Air Magic
  4054 | D:4      | Learned a level 3 spell: Swiftness
  4057 | D:4      | Learned a level 2 spell: Static Discharge
  4059 | D:4      | Noticed a scorpion
  4060 | D:4      | Learned a level 2 spell: Cigotuvi's Dreadful Rot
  4066 | D:4      | Killed a scorpion
  4067 | D:4      | Reached XP level 5. HP: 38/38 MP: 1/10
  4327 | D:4      | Noticed Grinder
  4337 | D:4      | Paralysed by Grinder for 4 turns
  4355 | D:4      | Paralysed by Grinder for 3 turns
  4365 | D:4      | Paralysed by Grinder for 4 turns
  4369 | D:4      | Killed Grinder
  4370 | D:4      | Reached skill level 6 in Air Magic
  4370 | D:4      | Reached XP level 6. HP: 30/45 MP: 0/12
  4909 | D:4      | Reached skill level 7 in Air Magic
  4909 | D:4      | Your scales start taking on a glossy black colour.
  4909 | D:4      | Reached skill level 8 in Air Magic
  4909 | D:4      | Reached XP level 7. HP: 50/50 MP: 4/13
  4909 | D:4      | Gained mutation: You are resistant to electric shocks.
                  | (rElec) [Black Draconian growth]
  5185 | D:4      | Learned a level 4 spell: Airstrike
  5267 | D:4      | Identified the +2 dagger "Dragonslayer" {flame, rElec rN+
                  | Str-3 Int+7}
  5562 | D:5      | Entered Level 5 of the Dungeon
  5651 | D:5      | Reached skill level 1 in Fighting
  5786 | D:5      | Reached skill level 9 in Air Magic
  6099 | D:5      | Identified the +1 leather armour of the Thinker {Regen+}
  6394 | D:5      | Reached skill level 5 in Spellcasting
  6394 | D:5      | Reached XP level 8. HP: 62/62 MP: 7/15
  7160 | D:6      | Reached skill level 10 in Air Magic
  7224 | D:6      | Noticed Maggie
  8123 | D:6      | Found a staircase to the Ecumenical Temple.
  8129 | Temple   | Entered the Ecumenical Temple
  8313 | Temple   | Became a worshipper of Vehumet
  8666 | D:6      | Reached skill level 11 in Air Magic
  9063 | D:6      | Killed Maggie
  9064 | D:6      | Reached XP level 9. HP: 73/73 MP: 4/18
  9165 | D:7      | Found a sand-covered staircase.
  9184 | D:7      | Reached skill level 5 in Fighting
  9196 | Ossuary  | Entered an ossuary
  9417 | Ossuary  | Reached * piety under Vehumet
  9417 | Ossuary  | Offered knowledge of Sandblast by Vehumet.
  9804 | D:7      | Reached skill level 12 in Air Magic
 10455 | D:7      | Found a runed translucent gate.
 10460 | D:7      | Found a runed translucent gate.
 10460 | D:7      | Found a runed translucent gate.
 10461 | D:7      | Noticed LobsterGuardian's ghost (novice GnAr)
 10845 | D:8      | Reached ** piety under Vehumet
 10845 | D:8      | Offered knowledge of Scorch by Vehumet.
 10945 | D:8      | Noticed Pikel
 10963 | D:8      | Killed Pikel
 10964 | D:8      | Reached skill level 13 in Air Magic
 11422 | D:8      | Identified the +2 hat of Lachrymose Life {rC++ Regen+ Int+5
                  | Dex-3}
 11434 | D:8      | Noticed a komodo dragon
 11447 | D:8      | Killed a komodo dragon
 11448 | D:8      | Reached XP level 10. HP: 22/84 MP: 10/20
 11702 | D:8      | Noticed Erica
 11728 | D:8      | Killed from afar by an orc priest

Illustrated notes

Levels and vault maps discovered:
D:1:      tarquinn_simple_flora_water_f, layout_rooms, serial_shops, shop,
          serial_forest, infiniplex_forest_end_2,
          infiniplex_forest_clump_double, infiniplex_forest_clump_curved,
          infiniplex_forest_end_2, infiniplex_forest_end_2
D:2:      layout_basic, basic_altar
D:3:      kennysheep_slugbush, layout_basic, lemuel_round_altar, serial_shops,
          shop
D:4:      wad_woods_tower, layout_loops_ring, uniq_grinder
D:5:      layout_basic
D:6:      layout_loops_corners, minmay_temple_entry_hall, uniq_maggie
D:7:      layout_loops_cross, gammafunk_ghost_split, enter_ossuary_1
D:8:      layout_cave_pods, david_lair_shrubbed, uniq_pikel, uniq_erica
Temple:   eino_narrow_crystal_temple

Skill      XL: |  1  2  3  4  5  6  7  8  9 |
---------------+----------------------------+-----
Air Magic      | 4 5 6 8 9 11 13 | 13.4
Spellcasting   | 3 4 5 6 7 |  7.3
Fighting       | 2 4 6 |  6.7
Dodging        | |  1.7
Stealth        | |  1.7
Conjurations   | |  1.0

Action                     |  1- 3 |  4- 6 |  7- 9 | 10-12 || total
---------------------------+-------+-------+-------+-------++-------
  Melee: Unarmed           |     9 |       |       |       ||     9
         Mace              |   792 |       |       |       ||   792
         Tailslap          |   197 |     1 |     4 |       ||   202
         Punch             |    13 |       |       |       ||    13
         Dagger            |       |    14 |    24 |       ||    38
   Cast: Shock             |    97 |   134 |   337 |    29 ||   597
         Airstrike         |       |       |    13 |       ||    13
         Static Discharge  |       |       |    13 |     1 ||    14
         Swiftness         |       |       |       |     1 ||     1
    Use: Potion            |       |     5 |     2 |     1 ||     8
         Scroll            |       |       |    18 |       ||    18
   Stab: Sleeping          |       |     1 |       |       ||     1
 Armour: Skin              |    14 |    16 |    90 |     2 ||   122
  Dodge: Dodged            |    44 |    41 |   127 |     1 ||   213

Table legend: (Time is in decaauts)
 A = Elapsed time spent in this place.
 B = Non-inter-level travel time spent in this place.
 C = Inter-level travel time spent in this place.
 D = Time resting spent in this place.
 E = Time spent auto-exploring this place.
 F = Levels seen in this place.
 G = Mean time per level.
                   A        B        C        D        E       F      G
               +--------+--------+--------+--------+--------+-----+--------+
         Total |  12055 |  11473 |    582 |    498 |   8447 |  10 | 1205.5 |
       Dungeon |  11448 |  10879 |    569 |    484 |   7962 |   8 | 1431.0 |
        Temple |    192 |    179 |     13 |      0 |    167 |   1 |  192.0 |
       Ossuary |    413 |    413 |      0 |     14 |    318 |   1 |  413.0 |
               +--------+--------+--------+--------+--------+-----+--------+

Top non-repeatable levels by time:
     D:1: 2102 daAuts
     D:5: 1774 daAuts
     D:6: 1689 daAuts
     D:4: 1648 daAuts
     D:3: 1197 daAuts
     D:7: 1069 daAuts
     D:2: 1030 daAuts
     D:8: 935 daAuts
 Ossuary: 413 daAuts
  Temple: 192 daAuts
